 Dungeon Crawl Stone Soup version 0.18.1-48-g4cf74bf (webtiles) character file.

199 Antonin the Changer (level 5, -13/33 HPs)
             Began as an Octopode Transmuter on Sept 9, 2016.
             Killed by divine providence
             ... invoked by an orc priest
              (16 damage)
             ... on level 4 of the Dungeon.
             The game lasted 00:09:56 (4910 turns).

Antonin the Changer (Octopode Transmuter)           Turns: 4910, Time: 00:09:58

Health: -13/33     AC:  2    Str:  9    XL:     5   Next: 77%
Magic:  3/9        EV: 20    Int: 17    God:
Gold:   170        SH:  0    Dex: 17    Spells: 3 memorised, 3 levels left

rFire  . . .     SeeInvis .       - Unarmed
rCold  . . .     Gourm    .     (shield currently unavailable)
rNeg   . . .     Faith    .     (helmet currently unavailable)
rPois  x         Spirit   .     (no amulet)
rElec  .         Dismiss  .     w - ring of loudness (curse)
rCorr  .         Reflect  .     (no ring)
SustAt .         Harm     .     (no ring)
MR     .....                    (no ring)
Stlth  +.........               (no ring)
                                (no ring)
                                (no ring)
                                (no ring)

@: spider-form (expiring), very slightly contaminated, not resistant to hostile
enchantments, very unstealthy
A: almost no armour, (amphibious), 8 rings, (constrict 8), (camouflage 0),
(gelatinous body 0)
a: End Transformation


You were on level 4 of the Dungeon.
You were very hungry.
You were a venomous arachnid creature.
You visited 1 branch of the dungeon, and saw 4 of its levels.

You collected 170 gold pieces.

Inventory:

Missiles
 a - 137 arrows
 n - a throwing net (quivered)
Jewellery
 w - a cursed ring of loudness (left front leg)
Wands
 p - a wand of flame (16/48)
 t - a wand of acid (6/15)
 v - a wand of flame (14/48)
Scrolls
 d - 3 scrolls of identify
 e - a scroll of fog {unknown}
 h - a scroll of enchant armour {unknown}
 i - a scroll of fear {unknown}
 j - a scroll of enchant weapon {unknown}
 o - a scroll of amnesia {unknown}
 q - a scroll of recharging {unknown}
 r - 2 scrolls of noise {unknown}
 u - a scroll of blinking {unknown}
 y - a scroll of immolation {unknown}
Potions
 f - a potion of resistance
 k - 2 potions of haste
 l - a potion of might {unknown}
 m - a potion of lignification {unknown}
Books
 b - a book of Changes

   Spells                             Type                      Level
   a - Beastly Appendage              Transmutation                1
   b - Sticks to Snakes               Transmutation                2
   c - Spider Form                    Transmutation/Poison         3
   d - Ice Form                       Ice/Transmutation            4
   e - Blade Hands                    Transmutation                5
Comestibles
 c - 2 bread rations
 g - a meat ration
 s - a beef jerky
 x - 3 fruits


   Skills:
 - Level 1.0 Fighting
 + Level 2.8 Dodging
 + Level 3.7 Unarmed Combat
 + Level 2.9 Spellcasting
 * Level 4.2 Transmutations


You had 3 spell levels left.
You knew the following spells:

 Your Spells              Type           Power        Failure   Level  Hunger
a - Beastly Appendage     Trmt           ###...       12%         1    None
b - Sticks to Snakes      Trmt           ###.....     17%         2    ##.....
c - Spider Form           Trmt/Pois      #.........   45%         3    ###....


Dungeon Overview and Level Annotations

Branches:
Dungeon (4/15)
 Temple: D:4-7

Altars:
Ashenzari

Shops:
D:4 !


Innate Abilities, Weirdness & Mutations

You cannot wear most types of armour.
((You are amphibious.))
You can wear up to eight rings at the same time.
((You can use your tentacles to constrict eight enemies at once.))
((Your skin changes colour to match your surroundings (Stealth).))
((Your rubbery body absorbs attacks (AC +1).))


Message History

You hit the jackal but do no damage.
The jackal is poisoned.
The jackal misses you.
You closely miss the jackal.
The jackal is lightly wounded.
The jackal bites you.
You hit the jackal but do no damage.
The jackal is moderately wounded.
An orc wizard appears from thin air!
Reactivating autopickup.
The jackal closely misses you.
The orc priest calls down the wrath of Beogh upon you.
Beogh smites you!
* * * LOW HITPOINT WARNING * * *
You barely miss the jackal.
The jackal is heavily wounded.
Your transformation is almost over.
The jackal closely misses you. The jackal barely misses you.
The orc priest mumbles some strange prayers to Beogh against you.
Beogh smites you!
You die...

#.# #..##.# #.# #.####8....#
#.## #...##.###.# #.##.
#.#.8.∩.8..## ##########.##.
#.####......# #.......##.#
#.####8.....# #.#####.##.###
#....>......# ##.....o.oo....
######......#####o..###.#......
##.......shoo..# #...#.###
###.#######o..# #####....
#..........## #####
############


You could see an orc priest, 2 orc wizards, an orc and a jackal.

Vanquished Creatures
  A worker ant (D:3)
  7 adders
  4 worms
  A dart slug (D:2)
  3 giant geckos
  7 orcs (D:3)
  8 bats
  2 giant cockroaches
  13 goblins
  5 hobgoblins
  11 jackals
  9 kobolds
  A quokka (D:3)
  2 ball pythons (D:3)
  A giant gecko skeleton (D:4)
  5 giant newts
  7 rats
87 creatures vanquished.

Notes
Turn   | Place    | Note
--------------------------------------------------------------
     0 | D:1      | Antonin the Octopode Transmuter began the quest for the Orb.
     0 | D:1      | Reached XP level 1. HP: 13/13 MP: 3/3
   272 | D:1      | Reached XP level 2. HP: 6/18 MP: 5/5
  1018 | D:1      | Reached XP level 3. HP: 23/23 MP: 6/6
  1440 | D:2      | Reached skill level 3 in Transmutations
  1960 | D:2      | Found a faded altar to an unknown god.
  2044 | D:2      | Reached XP level 4. HP: 28/28 MP: 7/7
  2870 | D:3      | Learned a level 2 spell: Sticks to Snakes
  2874 | D:3      | Learned a level 3 spell: Spider Form
  3625 | D:3      | Found a shattered altar of Ashenzari.
  3661 | D:3      | Reached XP level 5. HP: 33/33 MP: 9/9
  4252 | D:3      | Reached skill level 4 in Transmutations
  4800 | D:4      | Found Avestiem's Distillery.
  4910 | D:4      | Killed from afar by an orc priest

Skill      XL: |  1  2  3  4  5 |
---------------+----------------+-----
Transmutations | 3 4 |  4.2
Fighting       | |  1.0
Dodging        | |  2.8
Unarmed Combat | |  3.7
Spellcasting   | |  2.9

Action                   |  1- 3 |  4- 6 || total
-------------------------+-------+-------++-------
Melee: Unarmed           |   103 |   116 ||   219
       Tentacles         |    20 |    15 ||    35
       Constrict         |    26 |    27 ||    53
       Punch             |     3 |     1 ||     4
       Kick              |       |     1 ||     1
 Cast: Spider Form       |       |     3 ||     3
       Beastly Appendage |       |     1 ||     1
  Use: Scroll            |       |     3 ||     3
       Potion            |       |     1 ||     1
 Stab: Sleeping          |     7 |     3 ||    10
       Distracted        |       |     1 ||     1
  Eat: Chunk             |     3 |     4 ||     7
       Meat ration       |       |     1 ||     1
Armor: Skin              |     9 |     5 ||    14
Dodge: Dodged            |    57 |    70 ||   127
